 Dungeon Crawl Stone Soup version 0.31-a0-1057-g70f3316b05 (webtiles) character file.

Game seed: 8159537483501429650

74 Conn the Sneak (level 4, -2/27 HPs)
             Began as an Octopode Fire Elementalist on Nov 20, 2023.
             Slain by a phantom (8 damage)
             ... on level 1 of the Dungeon.
             The game lasted 00:04:06 (1893 turns).

Conn the Sneak (Octopode Fire Elementalist)         Turns: 1893, Time: 00:04:09

Health: -2/27      AC:  1    Str:  7    XL:     4   Next: 30%
Magic:  0/7        EV: 13    Int: 19    God:
Gold:   47         SH:  0    Dex: 12    Spells: 2/8 levels left

rFire   . . .        d - +0 dagger
rCold   . . .        (no shield)
rNeg    . . .        (helmet restricted)
rPois   .            (no amulet)
rElec   .            (no ring)
rCorr   .            (no ring)
SInv    .            (no ring)
Will    .....        (no ring)
Stlth   +++          (no ring)
HPRegen 0.24/turn    (no ring)
MPRegen 0.10/turn    (no ring)
                     (no ring)

%: no passive effects
@: no status effects
A: almost no armour, amphibious, 8 rings, camouflage 1, gelatinous body 1,
(nimble swimmer 1), tentacles
a: no special abilities


You were on level 1 of the Dungeon.
You visited 1 branch of the dungeon, and saw 2 of its levels.

You collected 47 gold pieces.

Inventory:

Hand Weapons
 d - a +0 dagger (weapon)
Scrolls
 c - 3 scrolls of teleportation
Potions
 a - a potion of magic
 b - a potion of haste
 f - a potion of curing {unknown}


   Skills:
 + Level 2.6 Dodging
 + Level 3.4 Stealth
 * Level 2.6 Spellcasting
 * Level 2.1 Conjurations
 + Level 3.3 Fire Magic


You had 2 spell levels left.
You knew the following spells:

 Your Spells              Type           Power      Damage    Failure   Level
a - Foxfire               Conj/Fire      48%        2x1d6     5%          1
b - Scorch                Fire           30%        2d6       6%          2
c - Inner Flame           Hex/Fire       8%         N/A       24%         3

Your spell library contained the following spells:

 Spells                   Type           Power      Damage    Failure   Level
 Volatile Blastmotes      Fire/Tloc      16%        2d11      24%         3
 Flame Wave               Conj/Fire      12%        2d6       45%         4
 Sticky Flame             Conj/Fire      12%        2d4       45%         4


Dungeon Overview and Level Annotations

Branches:
Dungeon (2/15)

Altars:


Innate Abilities, Weirdness & Mutations

You cannot wear most types of armour.
You are amphibious.
You can wear up to eight rings at the same time.
Your skin changes colour to match your surroundings (Stealth+).
Your rubbery body absorbs attacks. (AC +1, EV +1)
((You are camouflaged when in or above water. (Stealth+)))
You have tentacles for arms and can constrict up to eight enemies at once.


Message History

Confirm with . or Enter, or press ? or * to list all spells.
You conjure some foxfire!
The foxfire hits the phantom.
The phantom is moderately damaged.
The foxfire hits the phantom but does no damage.
The phantom is moderately damaged.
The foxfire hits the phantom.
The phantom is heavily damaged.
The phantom barely misses you.
Casting: Foxfire (safe; 5% risk of failure)
Confirm with . or Enter, or press ? or * to list all spells.
Flames lash the phantom.
The phantom is severely damaged.
The phantom's fire resistance burns away.
The foxfire hits the phantom but does no damage.
The phantom is severely damaged.
The foxfire hits the phantom.
The phantom is severely damaged.
The phantom hits you.
You hit the phantom.
The phantom is almost destroyed.
The phantom hits you.
The phantom blinks!
You blink.
You barely miss the phantom. You tentacle-slap the phantom.
The phantom is almost destroyed.
The phantom misses you.
You hit the phantom but do no damage. Your squeeze misses the phantom.
The phantom is almost destroyed.
The phantom hits you.
* * * LOW HITPOINT WARNING * * *
Casting: Scorch (safe; 6% risk of failure)
Confirm with . or Enter, or press ? or * to list all spells.
You conjure some foxfire!
The phantom is no longer more vulnerable to fire.
The phantom completely misses you.
You barely miss the phantom.
You squeeze the phantom, but do no damage.
The phantom is almost destroyed.
The foxfire hits the phantom.
The phantom is almost destroyed.
The phantom hits you!
You die...

#.#######................#.#
......#
#.....#####.##.#.#.##
#.###.# ##...## #.+######.#
#.###.# ##.## ###....≈#.#
...##.# #.# #....≈#.#
...##.# #.# #....≈#.#
##.##.# ##'## #≈≈≈≈§#.#
#.##.# ##...#############'##
##.##.###.....##@W......#..#
......##.......#.####.#....#
...####..........##...)....#
.....('...............>.§§.#
...####......[...##.....####
#..# ##.......#........#
##.# ##.....#####.##### ##.#
##...## #.# ...# ##'## #.#


You could see a phantom.

Vanquished Creatures
  2 gnolls (D:2)
  An adder (D:2)
  A dart slug (D:1)
  3 ball pythons
  5 endoplasms (D:1)
  A giant cockroach (D:1)
  A goblin (D:1)
  2 hobgoblins (D:1)
  7 jackals (D:1)
  2 quokkas (D:1)
  4 bats (D:1)
  A frilled lizard (D:1)
  6 kobolds (D:1)
  5 rats
41 creatures vanquished.

Vanquished Creatures (others)
  155 foxfires
155 creatures vanquished.

Grand Total: 196 creatures vanquished

Notes
Turn   | Place    | Note
-------+----------+-------------------------------------------
     0 | D:1      | Conn the Octopode Fire Elementalist began the quest for the
                  | Orb.
     0 | D:1      | Reached XP level 1. HP: 11/11 MP: 3/3
   181 | D:1      | Reached XP level 2. HP: 17/17 MP: 0/5
   185 | D:1      | Learned a level 2 spell: Scorch
   883 | D:1      | Reached XP level 3. HP: 21/21 MP: 0/6
  1719 | D:2      | Reached XP level 4. HP: 17/27 MP: 0/7
  1803 | D:2      | Noticed a phantom
  1871 | D:1      | Learned a level 3 spell: Inner Flame
  1893 | D:1      | Slain by a phantom

Illustrated notes

Levels and vault maps discovered:
D:1:      lemuel_arrival_funnel, layout_loops_corners, serial_rivers,
          chequers_serial_rivers_micro_c, chequers_serial_rivers_micro_b,
          chequers_serial_rivers_room_a, chequers_serial_rivers_marsh
D:2:      layout_rooms

Skill      XL: |  1  2  3 |
---------------+----------+-----
Stealth        | 3 |  3.4
Conjurations   | 2 |  2.1
Dodging        | |  2.6
Spellcasting   | |  2.6
Fire Magic     | |  3.3

Action                     |  1- 3 |  4- 6 || total
---------------------------+-------+-------++-------
  Melee: Unarmed           |    16 |       ||    16
         Constrict         |     5 |       ||     5
         Tentacles         |     7 |     1 ||     8
         Dagger            |    11 |     4 ||    15
         Punch             |       |     1 ||     1
   Cast: Foxfire           |    75 |    11 ||    86
         Scorch            |       |     2 ||     2
    Use: Scroll            |     2 |       ||     2
 Armour: Skin              |    19 |     8 ||    27
  Dodge: Dodged            |    29 |    12 ||    41

Table legend: (Time is in decaauts)
 A = Elapsed time spent in this place.
 B = Non-inter-level travel time spent in this place.
 C = Inter-level travel time spent in this place.
 D = Time resting spent in this place.
 E = Time spent auto-exploring this place.
 F = Levels seen in this place.
 G = Mean time per level.
                   A        B        C        D        E       F      G
               +--------+--------+--------+--------+--------+-----+--------+
         Total |   1895 |   1895 |      0 |    108 |   1298 |   2 |  947.5 |
       Dungeon |   1895 |   1895 |      0 |    108 |   1298 |   2 |  947.5 |
               +--------+--------+--------+--------+--------+-----+--------+

Top non-repeatable levels by time:
     D:1: 1840 daAuts
     D:2: 54 daAuts
